 Dungeon Crawl Stone Soup version 0.29.1-15-g9cfb28693d (webtiles) character file.

Game seed: 3987943190524686260

54 fireball365 the Trooper (level 3, -6/33 HPs)
             Began as a Hill Orc Fighter on Oct 14, 2023.
             Mangled by Menkaure (12 damage)
             ... on level 4 of the Dungeon.
             The game lasted 00:02:43 (1328 turns).

fireball365 the Trooper (Hill Orc Fighter)          Turns: 1328, Time: 00:02:43

Health: -6/33      AC: 11    Str: 20    XL:     3   Next: 91%
Magic:  3/3        EV: 10    Int:  8    God:
Gold:   104        SH:  4    Dex: 10    Spells: 2/2 levels left

rFire   . . .      SeeInvis .   a - +0 war axe
rCold   . . .      Faith    .   c - +0 buckler
rNeg    . . .      Spirit   .   k - +4 ring mail
rPois   .          Reflect  .   g - +0 helmet
rElec   .          Harm     .   (no cloak)
rCorr   .          Rampage  .   (no gloves)
Will    .....                   (no boots)
Stlth   ..........              (no amulet)
HPRegen 0.11/turn               (no ring)
MPRegen 0.08/turn               (no ring)

@: no status effects
A: no striking features
a: no special abilities


You were on level 4 of the Dungeon.
You visited 1 branch of the dungeon, and saw 3 of its levels.

You collected 104 gold pieces.

Inventory:

Hand Weapons
 a - a +0 war axe (weapon)
Missiles
 e - 6 boomerangs (quivered)
 i - 4 poisoned darts
Armour
 b - a +0 scale mail
 c - a +0 buckler (worn)
 g - a +0 helmet (worn)
 k - a +4 ring mail (worn)
 r - a +0 cloak
Scrolls
 h - a scroll of vulnerability {unknown}
 l - 3 scrolls of identify
 m - a scroll of magic mapping
Potions
 d - 2 potions of might
 f - 2 potions of flight
 j - a potion of haste
 n - a potion of heal wounds {unknown}
 o - a potion of cancellation {unknown}
 q - 2 potions of invisibility {unknown}


   Skills:
 + Level 4.2 Fighting
 + Level 3.5 Axes
 + Level 3.8 Armour
 + Level 3.8 Shields


You had 2 spell levels left.
You didn't know any spells.
Your spell library contained the following spells:

 Spells                   Type           Power      Damage    Failure   Level
 Scorch                   Fire           0%         2d5       80%         2
 Flame Wave               Conj/Fire      0%         2d4       100%        4
 Summon Cactus Giant      Summ           0%         N/A       100%        6


Dungeon Overview and Level Annotations

Branches:
Dungeon (2/15)

Altars:

Annotations:
D:4 Menkaure


Message History

You now have 84 gold pieces (gained 11).
l - 3 scrolls of identify (gained 1)
Found an escape hatch in the floor.
A sourceless malevolence fills the Dungeon...
You fall into a shaft and drop 2 floors!
The shaft crumbles and collapses.
Found 11 gold pieces.
You now have 95 gold pieces (gained 11).
An endoplasm comes into view.
The endoplasm quivers.
You slash the endoplasm!
You kill the endoplasm!
A quokka comes into view.
The quokka closely misses you.
You closely miss the quokka. The quokka closely misses you.
The quokka barely misses you.
You closely miss the quokka. The quokka closely misses you.
You slash the quokka!
You kill the quokka!
Found 9 gold pieces.
You now have 104 gold pieces (gained 9).
Found a cloak.
You see here a +0 cloak.
r - a +0 cloak Menkaure, Prince of Dust comes into view.
Menkaure shouts!
Menkaure calls on the powers of darkness!
Your body is wracked with pain!
Menkaure calls on the powers of darkness!
Your body is wracked with pain!
You completely miss Menkaure. Menkaure barely misses you.
You hit Menkaure.
Menkaure is lightly damaged.
Menkaure calls on the powers of darkness!
Your body is wracked with pain!
* * * LOW HITPOINT WARNING * * *
As you read the scroll labelled AQESTILE VEACE, it crumbles to dust.
You assume a fearsome visage.
Menkaure is unaffected.
It was a scroll of fear.
Menkaure hits you!
You die...

.............
############. . # .## #
..# # #.# # #.# # #.#
######### #M# ........#
#@#
#######.########.######.
#.................
#####.###......... #.#
#..##.#### #.# #.## .#
#.# #.# # #.# #.# #.#
#.#


You could see Menkaure.

Vanquished Creatures
  3 dart slugs (D:1)
  4 ball pythons
  2 endoplasms
  A giant cockroach (D:1)
  3 goblins (D:1)
  5 hobgoblins
  11 jackals (D:1)
  3 kobolds
  2 quokkas
  A bat (D:1)
  4 frilled lizards (D:1)
  2 rats
41 creatures vanquished.

Notes
Turn   | Place    | Note
-------+----------+-------------------------------------------
     0 | D:1      | fireball365 the Hill Orc Fighter began the quest for the
                  | Orb.
     0 | D:1      | Reached XP level 1. HP: 19/19 MP: 1/1
    62 | D:1      | Reached XP level 2. HP: 21/27 MP: 2/2
   211 | D:1      | Reached skill level 4 in Fighting
   227 | D:1      | Reached XP level 3. HP: 33/33 MP: 3/3
   972 | D:2      | Found a faded altar of an unknown god.
  1228 | D:2      | You fall into a shaft and drop 2 floors!
  1322 | D:4      | Noticed Menkaure
  1328 | D:4      | Mangled by Menkaure

Illustrated notes

Levels and vault maps discovered:
D:1:      minmay_arrival_hallway, layout_basic, minmay_nonomino_d4
D:2:      layout_loops_cross, hellmonk_ecumenical_altar_heavens_door,
          uniq_crazy_yiuf_cottage
D:4:      layout_loops_ring, grunt_temple_overflow_open, serial_shops,
          nicolae_shop_stone, moated_statue, roderic_lattice_a, uniq_menkaure

Skill      XL: |  1  2 |
---------------+-------+-----
Axes           | 3 |  3.5
Fighting       | 4 |  4.2
Armour         | |  3.8
Shields        | |  3.8

Action                   || total
-------------------------++-------
Melee: War axe           ||    95
  Use: Scroll            ||     4
Armor: Scale mail        ||    23
       Ring mail         ||    51
Dodge: Dodged            ||    82
Block: Buckler           ||    25
